 Dungeon Crawl Stone Soup version bcrawl-1.34.4 (webtiles) character file.

Game seed: 4527394625876883283

381613 KristoblXynda the Carver (level 11, 0/92 HPs)
             Began as a White Draconian Gladiator on Oct 24, 2021.
             Was a High Priest of Okawaru.
             Killed from afar by Harold (29 damage)
             ... with a bolt of fire
             ... on level 8 of the Dungeon.
             The game lasted 00:12:52 (8477 turns).

KristoblXynda the Carver (DrGl)                     Turns: 8477, Time: 00:12:53

Health: 0/92       AC: 10    Str: 19    XL:     11   Next: 5%
Magic:  14/14      EV: 19    Int: 10    God:    Okawaru [*****.]
Gold:   482        SH: 12    Dex: 21    Spells: 10/10 levels left

rFire    . . .     SeeInvis .   a - +0 long sword
rCold    + . .     Gourm    .   C - +0 buckler
rNeg     . . .     Faith    .   (armour unavailable)
rPois    .         Spirit   .   b - +1 hat
rElec    .         Reflect  .   E - +0 cloak
rCorr    .         Harm     .   g - +0 pair of gloves
MR       .....                  (no boots)
Stlth    ++........             (no amulet)
HPRegen  0.25/turn              f - +6 ring of dexterity
MPRegen  0.14/turn              k - +3 ring of dexterity

@: no status effects
A: breathe frost, unfitting armour, cold resistance 1, cold-blooded, AC +7
a: Breathe Frost, Heroism, Finesse, Renounce Religion


You were on level 8 of the Dungeon.
You worshipped Okawaru.
Okawaru was extremely pleased with you.
You were not hungry.

You visited 2 branches of the dungeon, and saw 9 of its levels.

You collected 482 gold pieces.

Inventory:

Hand Weapons
 a - a +0 long sword (weapon)
Missiles
 c - a throwing net (quivered) {=f}
 z - 157 javelins
Armour
 b - a +1 hat (worn)
 g - a +0 pair of gloves (worn)
 C - a +0 buckler (worn)
 E - a +0 cloak (worn)
Jewellery
 f - a +6 ring of dexterity (left hand)
 k - a +3 ring of dexterity (right hand)
Wands
 m - a wand of clouds (10)
 s - a wand of iceblast (2)
 y - a wand of disintegration (16)
Scrolls
 h - 7 scrolls of remove curse
 l - 2 scrolls of fog
 n - a scroll of noise {unknown}
 p - 2 scrolls of fear {unknown}
 q - a scroll of magic mapping
 t - 4 scrolls of teleportation
 u - 2 scrolls of enchant weapon {unknown}
 v - a scroll of immolation {unknown}
 B - a scroll of silence {unknown}
Potions
 d - 3 potions of heal wounds
 j - 4 potions of cancellation
 o - a potion of agility
 r - 2 potions of degeneration
 w - a potion of berserk rage {unknown}
 x - 3 potions of curing
 A - a potion of lignification
 D - 2 potions of haste
 G - a potion of might
 H - a potion of mutation {unknown}
Comestibles
 e - 14 rations {!d}
 F - 3 chunks of flesh


   Skills:
 - Level 7.0 Fighting
 + Level 10.7 Long Blades
 + Level 5.3 Throwing
 + Level 8.6 Dodging
 + Level 6.1 Shields
 - Level 5.0 Invocations


You had 10 spell levels left.
You didn't know any spells.
Your spell library contained the following spells:

 Spells                   Type           Power        Failure   Level  Hunger
 Summon Small Mammal      Summ           #...         56%         1    None
 Call Imp                 Summ           #.....       71%         2    ####...
 Call Canine Familiar     Summ           #.......     90%         3    #####..
 Summon Ice Beast         Ice/Summ       #.......     100%        4    ######.
 Summon Lightning Spire   Summ/Air       #.......     100%        5    #######


Dungeon Overview and Level Annotations

Branches:
Dungeon (8/12)             Temple (1/1) D:7            Lair (0/6) D:8
    Orc: D:8-11

Altars:
Ashenzari
Cheibriados
Dithmenos
Elyvilon
Fedhas
Gozag
Hepliaklqana
Lugonu
Makhleb
Nemelex Xobeh
Okawaru
Qazlal
Ru
Sif Muna
Trog
Uskayaw
Vehumet
Wu Jian
Xom
Yredelemnul
Zin
The Shining One

Shops:
D:6 %

Annotations:
D:8 Harold


Innate Abilities, Weirdness & Mutations

You can breathe waves of freezing cold.
You can buffet flying creatures when you breathe cold.
Your icy white scales are hard. (AC +7)
You cannot fit into any form of body armour.
Your flesh is cold resistant. (rC+)
You are cold-blooded and may be slowed by cold attacks.


Message History

You catch the helpless Harold completely off-guard!
You hit Harold.
Harold is moderately wounded.
You hit Harold.
Harold is heavily wounded.
Harold casts a spell at you. The bolt of fire hits you!!
Harold struggles against the net.
You strike the helpless Harold from behind!
You slash Harold!
Harold is heavily wounded.
You strike the helpless Harold from behind!
You hit Harold but do no damage. You tail-slap Harold, but do no damage.
Harold is heavily wounded.
Harold struggles against the net.
The net rips apart, and Harold comes free!
You hit Harold.
Harold is heavily wounded.
Harold gestures at you while chanting. The bolt of fire hits you!!
You die...

..................#*
..........#.#.<....#
..........#.......##
.##...............##
.##..##......#.##..#
.#*#.>.......#.....#
.###...............#
...#......##...@..##
.............#*#@..#
.............# #.(##
..(..........###..#
......####....#..##
...[..#..###..#...#
...).......#.....##
..))....#....#.###
........#...####
..#.....#####


You could see Harold.

Vanquished Creatures
  A komodo dragon (D:8)
  Grinder (D:6)
  Sigmund (D:6)
  4 yaks (D:6)
  A steam dragon (D:8)
  Menkaure (D:5)
  Edmund (D:6)
  Duvessa (D:5)
  4 ice beasts
  A phantom (D:6)
  A black bear (D:7)
  A sky beast (D:4)
  3 ogres
  4 centaurs
  5 bullfrogs
  Dowan (D:5)
  A scorpion (D:6)
  2 orc priests
  5 crimson imps
  2 jellies
  A centaur zombie (D:8)
  5 hounds
  A bullfrog skeleton (D:5)
  4 orc wizards
  3 iguanas
  7 worker ants
  A hound zombie (D:5)
  A hound skeleton (D:7)
  8 adders
  2 shadow imps
  An ooze (D:6)
  3 adder skeletons
  5 worms
  3 dart slugs
  4 leopard geckos
  36 orcs
  4 giant cockroaches
  8 goblins
  5 hobgoblins
  21 jackals
  10 kobolds
  4 quokkas
  2 ball pythons
  4 bats
  3 frilled lizards
  5 rats
192 creatures vanquished.

Vanquished Creatures (others)
  3 plants
3 creatures vanquished.

Grand Total: 195 creatures vanquished

Notes
Turn   | Place    | Note
-------+----------+-------------------------------------------
     0 | D:1      | KristoblXynda the Draconian Gladiator began the quest for
                  | the Orb.
     0 | D:1      | Reached XP level 1. HP: 19/19 MP: 1/1
   155 | D:1      | Found an iron altar of Okawaru.
   167 | D:1      | Reached XP level 2. HP: 17/26 MP: 2/2
   171 | D:1      | Became a worshipper of Warmaster Okawaru
   454 | D:1      | Reached XP level 3. HP: 28/31 MP: 3/3
  1907 | D:3      | Reached XP level 4. HP: 40/40 MP: 4/4
  1962 | D:3      | Reached skill level 4 in Long Blades
  2383 | D:3      | Noticed an ice beast
  2391 | D:3      | Killed an ice beast
  2391 | D:3      | Reached * piety under Okawaru
  2392 | D:3      | Reached XP level 5. HP: 30/47 MP: 5/5
  2622 | D:3      | Found a faded altar of an unknown god.
  2663 | D:3      | Reached skill level 5 in Long Blades
  2707 | D:4      | Reached XP level 6. HP: 39/53 MP: 6/6
  2830 | D:4      | Reached skill level 5 in Fighting
  2998 | D:4      | Noticed a sky beast
  3034 | D:4      | Killed a sky beast
  3035 | D:4      | Your scales start taking on an icy white colour.
  3035 | D:4      | Reached XP level 7. HP: 40/61 MP: 5/7
  3035 | D:4      | Gained mutation: Your flesh is cold resistant. (rC+) [White
                  | Draconian growth]
  3110 | D:4      | Reached skill level 6 in Long Blades
  3346 | D:4      | Found an ornate altar of the Wu Jian Council.
  3870 | D:5      | Entered Level 5 of the Dungeon
  4010 | D:5      | Reached skill level 1 in Invocations
  4118 | D:5      | Reached ** piety under Okawaru
  4479 | D:5      | Noticed Menkaure
  4500 | D:5      | Killed Menkaure
  4504 | D:5      | Reached skill level 7 in Long Blades
  4622 | D:5      | Noticed Dowan
  4625 | D:5      | Noticed Duvessa
  4644 | D:5      | Killed Duvessa
  4645 | D:5      | Reached skill level 5 in Dodging
  4645 | D:5      | Reached XP level 8. HP: 27/68 MP: 6/9
  4648 | D:5      | Killed Dowan
  4874 | D:5      | Found a sparkling altar of Nemelex Xobeh.
  5147 | D:6      | Reached skill level 8 in Long Blades
  5193 | D:6      | Noticed Sigmund
  5207 | D:6      | Killed Sigmund
  5207 | D:6      | Reached *** piety under Okawaru
  5486 | D:6      | Found Cyrhiaju's Food Shop.
  5780 | D:6      | Noticed Edmund
  5795 | D:6      | Reached XP level 9. HP: 75/75 MP: 12/12
  5810 | D:6      | Killed Edmund
  5961 | D:6      | Noticed Grinder
  5988 | D:6      | Reached skill level 5 in Invocations
  5999 | D:6      | Killed Grinder
  5999 | D:6      | Reached **** piety under Okawaru
  6000 | D:6      | Reached skill level 9 in Long Blades
  6000 | D:6      | Reached skill level 1 in Shields
  6681 | D:7      | Found a staircase to the Ecumenical Temple.
  6713 | Temple   | Entered the Ecumenical Temple
  7258 | D:7      | Reached ***** piety under Okawaru
  7916 | D:7      | Reached skill level 10 in Long Blades
  7916 | D:7      | Reached skill level 5 in Throwing
  7916 | D:7      | Reached skill level 5 in Shields
  7916 | D:7      | Reached XP level 10. HP: 86/86 MP: 13/13
  8100 | D:8      | Reached XP level 11. HP: 64/92 MP: 14/14
  8277 | D:8      | Found a staircase to the Lair.
  8459 | D:8      | Noticed Harold
  8477 | D:8      | Killed from afar by Harold

Skill      XL: |  1  2  3  4  5  6  7  8  9 10 |
---------------+-------------------------------+-----
Throwing       | 2 5 |  5.3
Dodging        | 3 4 5 6 8 |  8.6
Fighting       | 4 5 7 |  7.0
Long Blades    | 4 5 7 8 10 | 10.7
Invocations    | 2 4 5 |  5.0
Shields        | 5 6 |  6.1

Action                   |  1- 3 |  4- 6 |  7- 9 | 10-12 || total
-------------------------+-------+-------+-------+-------++-------
Melee: Long sword        |   115 |   130 |   402 |    97 ||   744
       Tailslap          |    21 |    31 |    79 |    24 ||   155
       Punch             |       |       |     1 |       ||     1
Throw: Throwing net      |       |       |     1 |     2 ||     3
Invok: Heroism           |       |     1 |     1 |       ||     2
 Abil: Breathe Frost     |       |       |     2 |       ||     2
Evoke: Wand              |       |       |     2 |       ||     2
  Use: Scroll            |       |     2 |     5 |     4 ||    11
       Potion            |       |     2 |     2 |       ||     4
 Stab: Sleeping          |     4 |     3 |     5 |       ||    12
       Distracted        |       |     1 |       |       ||     1
       Held in net/web   |       |       |     1 |     3 ||     4
  Eat: Chunk             |     5 |     8 |    25 |     4 ||    42
Armor: Skin              |    21 |    35 |    56 |    13 ||   125
Dodge: Dodged            |    88 |    75 |   253 |    47 ||   463
Block: Other             |     2 |     8 |    47 |       ||    57
       Buckler           |       |       |       |    42 ||    42
